 Dungeon Crawl Stone Soup version 0.30-a0-702-gdf48620a09 (webtiles) character file.

Game seed: 16213110382733883711

70 bjtr the Ogre Mage (level 4, 0/41 HPs)
             Began as an Ogre Hedge Wizard on Jan 22, 2023.
             Was an Initiate of Okawaru.
             Slain by an adder (4 damage)
             ... on level 2 of the Dungeon.
             The game lasted 00:08:35 (2935 turns).

bjtr the Ogre Mage (Ogre Hedge Wizard)              Turns: 2935, Time: 00:08:35

Health: 0/41       AC:  3    Str: 14    XL:     4   Next: 21%
Magic:  9/10       EV:  9    Int: 17    God:    Okawaru [......]
Gold:   162        SH:  0    Dex:  8    Spells: 6/12 levels left

rFire   . . .      SeeInvis .    i - +1 mace
rCold   . . .      Faith    .    (no shield)
rNeg    . . .      Spirit   .    b - +0 robe
rPois   .          Reflect  .    c - +0 hat
rElec   .          Harm     .    (no cloak)
rCorr   .          Rampage  .    (gloves unavailable)
Will    .....                    (boots unavailable)
Stlth   +                        (no amulet)
HPRegen 0.26/turn                (no ring)
MPRegen 0.12/turn                (no ring)

@: confused, lethally poisoned (0 -> -1)
A: large, unfitting armour, tough skin 1
a: Renounce Religion


You were on level 2 of the Dungeon.
You worshipped Okawaru.
Okawaru was noncommittal.
You visited 1 branch of the dungeon, and saw 3 of its levels.

You collected 162 gold pieces.

Inventory:

Hand Weapons
 a - a +0 dagger
 g - a +0 short sword
 h - a +0 whip
 i - a +1 mace (weapon)
 j - a +0 war axe
 l - a +0 spear
 o - a +0 sling
Armour
 b - a +0 robe (worn)
 c - a +0 hat (worn)
Scrolls
 f - 2 scrolls of teleportation
 k - a scroll of vulnerability
Potions
 d - a potion of magic
 e - 5 potions of curing
 m - a potion of brilliance {unknown}
 n - 2 potions of invisibility {unknown}


   Skills:
 + Level 1.2 Fighting
 - Level 1.7 Dodging
 - Level 1.4 Stealth
 + Level 4.9 Spellcasting
 + Level 1.9 Conjurations
 + Level 1.1 Summonings
 - Level 0.8 Translocations


You had 6 spell levels left.
You knew the following spells:

 Your Spells              Type           Power      Damage    Failure   Level
a - Magic Dart            Conj           40%        1d5       7%          1
b - Slow                  Hex            16%        N/A       14%         1
c - Blink                 Tloc           14%        N/A       16%         2
e - Cigotuvi's Dreadful   Necr/Pois/Air  8%         N/A       22%         2

Your spell library contained the following spells:

 Spells                   Type           Power      Damage    Failure   Level
 Mephitic Cloud           Conj/Pois/Air  6%         N/A       32%         3
 Call Imp                 Summ           Unusable   N/A       N/A         2

Dungeon Overview and Level Annotations

Branches:
Dungeon (3/15)

Altars:
Okawaru

Annotations:
D:3 Grinder


Innate Abilities, Weirdness & Mutations

You are too large for most types of armour.
You have tough skin. (AC +1)


Message History

You hit the orc wizard but do no damage.
The orc wizard is lightly wounded.
The orc wizard barely misses you. The adder bites you.
The orc wizard barely misses you. The adder bites you but does no damage.
You hit the orc wizard but do no damage.
The orc wizard is lightly wounded.
The adder closely misses you. The orc wizard casts a spell at you.
The puff of flame hits you.
You closely miss the orc wizard.
The orc wizard is lightly wounded.
The adder completely misses you.
The orc wizard gestures at you while chanting.
The magic dart hits you. The adder barely misses you.
The orc wizard hits you with a +0 dagger.
You hit the orc wizard.
The orc wizard is moderately wounded.
The adder bites you but does no damage.
The orc wizard hits you with a +0 dagger.
The adder barely misses you.
You closely miss the orc wizard. Your punch misses the orc wizard.
The orc wizard is moderately wounded.
The adder bites you.
* * * LOW HITPOINT WARNING * * *
The orc wizard hits you with a +0 dagger.
* * * LOW HITPOINT WARNING * * *
The adder bites you.
* * * LOW HITPOINT WARNING * * *
You are poisoned.
The adder poisons you!
You hit the orc wizard.
The orc wizard is severely wounded.
You feel sick.
The orc wizard gestures at you while chanting.
You are confused.
The adder barely misses you.
The orc wizard hits you with a +0 dagger.
* * * LOW HITPOINT WARNING * * *
The adder bites you.
You die...

#### ...#########
...........#######
.......†.......S@#
###....#...#.###o#
###....#...#.# #.#
..####.#..##.###.#
..# #.#...#.....#
..# #.#########.#
..# #.........#.#
..# #######.###.#
..# #.....#


You could see an orc wizard and an adder.

Vanquished Creatures
  2 adders (D:2)
  A worm (D:2)
  4 ball pythons
  2 endoplasms (D:2)
  3 giant cockroaches
  6 goblins
  2 hobgoblins
  3 kobolds (D:1)
  A quokka (D:2)
  A bat (D:2)
  7 frilled lizards
  9 rats
41 creatures vanquished.

Vanquished Creatures (collateral kills)
  An adder (D:2)
1 creature vanquished.

Grand Total: 42 creatures vanquished

Notes
Turn   | Place    | Note
-------+----------+-------------------------------------------
     0 | D:1      | bjtr the Ogre Hedge Wizard began the quest for the Orb.
     0 | D:1      | Reached XP level 1. HP: 16/16 MP: 5/5
     8 | D:1      | Reached skill level 1 in Conjurations
   168 | D:1      | Reached skill level 4 in Spellcasting
   227 | D:1      | Found a faded altar of an unknown god.
   232 | D:1      | Reached XP level 2. HP: 24/24 MP: 4/7
  1504 | D:2      | Learned a level 1 spell: Slow
  1507 | D:2      | Learned a level 2 spell: Blink
  1510 | D:2      | Learned a level 2 spell: Call Imp
  1513 | D:2      | Learned a level 2 spell: Cigotuvi's Dreadful Rot
  1602 | D:2      | Reached skill level 1 in Summonings
  1602 | D:2      | Reached XP level 3. HP: 29/32 MP: 6/8
  1776 | D:2      | Found an iron altar of Okawaru.
  1799 | D:2      | Became a worshipper of Warmaster Okawaru
  2206 | D:2      | Reached skill level 1 in Fighting
  2206 | D:2      | Reached XP level 4. HP: 41/41 MP: 6/10
  2858 | D:3      | Noticed Grinder
  2935 | D:2      | Slain by an adder

Illustrated notes

Levels and vault maps discovered:
D:1:      beargit_arrival_greenhouse, layout_basic,
          ebering_ecumenical_altar_webs, serial_forest,
          infiniplex_forest_zigzag_2, infiniplex_forest_clump_diagonal,
          infiniplex_forest_lined_corner, infiniplex_forest_lined_corner,
          infiniplex_forest_fountain, infiniplex_forest_zigzag_2,
          infiniplex_forest_clump_long, infiniplex_forest_clump_long,
          infiniplex_forest_clump_C
D:2:      layout_basic, basic_altar
D:3:      layout_rooms, uniq_ijyb, uniq_grinder

Skill      XL: |  1  2  3 |
---------------+----------+-----
Conjurations   | 1 |  1.9
Spellcasting   | 4 |  4.9
Summonings     | 1 |  1.1
Fighting       | 1 |  1.2
Dodging        | |  1.7
Stealth        | |  1.4
Translocations | |  0.8

Action                   |  1- 3 |  4- 6 || total
-------------------------+-------+-------++-------
Melee: Dagger            |    17 |       ||    17
       Short sword       |     2 |       ||     2
       Mace              |    36 |    12 ||    48
 Cast: Magic Dart        |    64 |    10 ||    74
       Call Imp          |     3 |       ||     3
  Use: Scroll            |     7 |       ||     7
 Stab: Sleeping          |     1 |       ||     1
Armor: Robe              |    31 |     5 ||    36
Dodge: Dodged            |    25 |    15 ||    40

Table legend: (Time is in decaauts)
 A = Elapsed time spent in this place.
 B = Non-inter-level travel time spent in this place.
 C = Inter-level travel time spent in this place.
 D = Time resting spent in this place.
 E = Time spent auto-exploring this place.
 F = Levels seen in this place.
 G = Mean time per level.
                   A        B        C        D        E       F      G
               +--------+--------+--------+--------+--------+-----+--------+
         Total |   2954 |   2687 |    267 |    272 |   1975 |   3 |  984.7 |
       Dungeon |   2954 |   2687 |    267 |    272 |   1975 |   3 |  984.7 |
               +--------+--------+--------+--------+--------+-----+--------+

Top non-repeatable levels by time:
     D:2: 1552 daAuts
     D:1: 1391 daAuts
     D:3: 10 daAuts
